 Dungeon Crawl Stone Soup version 0.21-a0-59-g7b0e191 (webtiles) character file.

103 nikopol the Chopper (level 4, 0/41 HPs)
             Began as a Minotaur Berserker on June 16, 2017.
             Was a Believer of Trog.
             Succumbed to a kobold's poison
             ... on level 3 of the Dungeon.
             The game lasted 00:04:36 (1582 turns).

nikopol the Chopper (Minotaur Berserker)            Turns: 1582, Time: 00:04:37

Health: 0/41       AC:  5    Str: 20 (21) XL:     4   Next: 51%
Magic:  3/3        EV: 11    Int:  3 (4)  God:    Trog [**....]
Gold:   128        SH:  0    Dex: 10 (11) Spells: 3/3 levels left

rFire    . . .     SeeInvis .   a - +0 hand axe
rCold    . . .     Gourm    .   (no shield)
rNeg     . . .     Faith    .   j - +0 ring mail (curse)
rPois    .         Spirit   .   (helmet restricted)
rElec    .         Reflect  .   (no cloak)
rCorr    .         Harm     .   (no gloves)
MR       .....                  (no boots)
Stlth    ..........             (no amulet)
HPRegen  0.13/turn              (no ring)
MPRegen  0.08/turn              (no ring)

@: lethally poisoned (0 -> -1)
A: retaliatory headbutt, horns 2
a: Berserk, Trog's Hand, Burn Spellbooks, Renounce Religion


You were on level 3 of the Dungeon.
You worshipped Trog.
Trog was pleased with you.
You were not hungry.

You visited 1 branch of the dungeon, and saw 3 of its levels.

You collected 128 gold pieces.

Inventory:

Hand Weapons
 a - a +0 hand axe (weapon)
Armour
 b - a +0 animal skin
 j - a cursed +0 ring mail (worn)
 o - a cursed +0 chain mail
Jewellery
 f - an uncursed ring of protection from magic {unknown}
Scrolls
 e - a scroll of magic mapping {unknown}
 h - a scroll of recharging {unknown}
 k - a scroll of random uselessness {unknown}
 l - 2 scrolls of teleportation {unknown}
 m - 2 scrolls of identify {unknown}
 q - a scroll of amnesia {unknown}
 s - 2 scrolls of noise {unknown}
Potions
 d - 2 potions of degeneration
 g - a potion of curing {unknown}
 i - a potion of cancellation {unknown}
 r - a potion of agility {unknown}
Comestibles
 c - 3 bread rations
 n - 4 fruits
 p - a meat ration


   Skills:
 + Level 4.6 Fighting
 + Level 5.0 Axes
 + Level 3.2 Armour
 + Level 2.7 Dodging


You had 3 spell levels left.
You didn't know any spells.

Dungeon Overview and Level Annotations

Branches:
Dungeon (3/15)

Altars:
Kikubaaqudgha
Okawaru
Sif Muna
Vehumet
The Shining One


Innate Abilities, Weirdness & Mutations

You reflexively headbutt those who attack you in melee.
You have a pair of horns on your head.


Message History

Reactivating autopickup.
The orc wizard gestures at you while chanting.
The magic dart hits you!
* * * LOW HITPOINT WARNING * * *
You closely miss the orc wizard.
You headbutt the orc wizard, but do no damage.
The orc wizard is almost dead.
The orc wizard hits you with a dagger.
* * * LOW HITPOINT WARNING * * *
You hit the orc wizard.
You kill the orc wizard!
Trog accepts your kill.
Trog appreciates your killing of a magic user.
Your Axes skill increases to level 5!
Your Armour skill increases to level 3!
Things that are here:
a dagger; a robe It was a potion of degeneration.
There was something very wrong with that liquid.
You feel weakened.
You feel dopey.
You feel clumsy.
You die...

.... ......
..... #
.#.....#####.#
...#.......#.#
...........
#.......#####$.
#..)..@........
#...))..####...
#....).....#
#....(..##.#
#....(<....#
......†#######
##......
##..... ##....


There were no monsters in sight!

Vanquished Creatures
  An orc wizard (D:3)
  2 adders (D:2)
  An ooze (D:2)
  A worm (D:2)
  2 dart slugs
  A leopard gecko (D:1)
  2 orcs (D:3)
  9 bats
  4 giant cockroaches
  5 hobgoblins
  2 jackals (D:2)
  2 frilled lizards
  2 goblins
  6 kobolds
  9 rats
49 creatures vanquished.

Notes
Turn   | Place    | Note
-------+----------+-------------------------------------------
     0 | D:1      | nikopol the Minotaur Berserker began the quest for the Orb.
     0 | D:1      | Reached XP level 1. HP: 19/19 MP: 0/0
   123 | D:1      | Reached XP level 2. HP: 19/27 MP: 1/1
   289 | D:1      | Reached skill level 4 in Axes
   863 | D:2      | Reached XP level 3. HP: 33/33 MP: 2/2
   912 | D:2      | Reached ** piety under Trog
  1100 | D:2      | Found an iron altar of Okawaru.
  1175 | D:2      | Found an ancient bone altar of Kikubaaqudgha.
  1182 | D:2      | Found a deep blue altar of Sif Muna.
  1183 | D:2      | Found a radiant altar of Vehumet.
  1189 | D:2      | Identified Vehumet's Almanac of Arcane Weapons
  1362 | D:2      | Reached XP level 4. HP: 41/41 MP: 3/3
  1367 | D:2      | Found a glowing golden altar of the Shining One.
  1579 | D:3      | HP: 1/41 [orc wizard/dagger (2)]
  1580 | D:3      | Reached skill level 5 in Axes
  1582 | D:3      | Succumbed to a kobold's poison

Vault maps used:
D:1:      dpeg_arrival_tiny_f
D:2:      grunt_temple_overflow_magic_moments, tso_oasis_becter, first_bread,
          okawaru_gym_becter
D:3:      lemuel_round_altar, uniq_robin, uniq_sigmund

Skill      XL: |  1  2  3  4 |
---------------+-------------+-----
Axes           | 4 5 |  5.0
Fighting       | 4 |  4.6
Armour         | 3 |  3.2
Dodging        | |  2.7

Action                   |  1- 3 |  4- 6 || total
-------------------------+-------+-------++-------
Melee: Hand axe          |    95 |    23 ||   118
       Headbutt          |     9 |     3 ||    12
Invok: Burn Spellbooks   |     1 |       ||     1
  Use: Potion            |       |     1 ||     1
  Eat: Chunk             |     1 |     1 ||     2
Armor: Animal skin       |     7 |       ||     7
       Ring mail         |    41 |     6 ||    47
Dodge: Dodged            |    53 |     7 ||    60
